 Dungeon Crawl Stone Soup version 0.21-a0-225-g207ae17 (webtiles) character file.

420 Goblin1989 the Insei (level 6, -4/44 HPs)
             Began as a Merfolk Transmuter on Aug 29, 2017.
             Slain by an ice beast (13 damage)
             ... on level 5 of the Dungeon.
             The game lasted 00:14:07 (5777 turns).

Goblin1989 the Insei (Merfolk Transmuter)           Turns: 5777, Time: 00:14:08

Health: -4/44      AC:  3    Str: 11    XL:     6   Next: 94%
Magic:  0/9        EV: 18    Int: 14    God:
Gold:   224        SH:  3    Dex: 14    Spells: 1/9 levels left

rFire    . . .     SeeInvis .     - Unarmed
rCold    . . .     Gourm    .   (no shield)
rNeg     . . .     Faith    .   b - +0 robe
rPois    .         Spirit   +   F - +0 helmet
rElec    .         Reflect  +   s - scarf {Spirit}
rCorr    .         Harm     .   (no gloves)
MR       +....                  (no boots)
Stlth    +.........             O - +3 amulet of reflection
HPRegen  0.14/turn              m - ring of protection from magic
MPRegen  0.11/turn              R - +4 ring of evasion

@: no status effects
A: change form in water, swift swim, stealthy swim
a: no special abilities


You were on level 5 of the Dungeon.
You were hungry.

You visited 1 branch of the dungeon, and saw 5 of its levels.

You collected 224 gold pieces.

Inventory:

Hand Weapons
 w - a +0 blowgun {@w1}
Missiles
 a - 28 arrows
 h - 90 stones (quivered)
 J - 24 sling bullets
 N - 6 poisoned needles
Armour
 b - a +0 robe (worn)
 s - a scarf of spirit shield (worn)
 F - a +0 helmet (worn)
Magical Staves
 t - an uncursed staff of power {!a}
Jewellery
 m - a ring of protection from magic (left hand)
 O - a +3 amulet of reflection (around neck)
 P - an uncursed ring of fire
 R - a +4 ring of evasion (right hand)
Wands
 C - a wand of confusion (24/48)
 G - a wand of flame (45/48)
 I - a wand of digging (16/24)
Scrolls
 f - a scroll of amnesia {unknown}
 j - 2 scrolls of magic mapping {unknown}
 o - 2 scrolls of identify {unknown}
 p - a scroll of immolation {unknown}
 r - 2 scrolls of recharging {unknown}
 v - a scroll of remove curse {unknown}
 y - a scroll of fear {unknown}
 A - a scroll of enchant armour {unknown}
 E - a scroll of teleportation {unknown}
 L - 2 scrolls of fog {unknown}
Potions
 k - 3 potions of haste {unknown}
 l - 2 potions of curing {@q1}
 z - a potion of brilliance {unknown}
 B - 2 potions of resistance {unknown}
 Q - a potion of flight {unknown}
Books
 c - a book of Changes

   Spells                             Type                      Level
   a - Beastly Appendage              Transmutation                1
   b - Sticks to Snakes               Transmutation                2
   c - Spider Form                    Transmutation/Poison         3
   d - Ice Form                       Ice/Transmutation            4
   e - Blade Hands                    Transmutation                5
 M - a book of Minor Magic

   Spells                             Type                      Level
   a - Magic Dart                     Conjuration                  1
   b - Blink                          Translocation                2
   c - Call Imp                       Summoning                    2
   d - Slow                           Hexes                        2
   e - Conjure Flame                  Conjuration/Fire             3
   f - Mephitic Cloud                 Conjuration/Poison/Air       3
Comestibles
 e - a bread ration {@e1}
 n - 3 fruits


   Skills:
 + Level 2.1 Fighting
 + Level 3.9 Dodging
 * Level 7.3 Unarmed Combat
 - Level 2.0 Spellcasting
 + Level 3.6 Transmutations


You had one spell level left.
You knew the following spells:

 Your Spells              Type           Power        Failure   Level  Hunger
a - Beastly Appendage     Tmut           ##....       5%          1    ##.....
b - Blade Hands           Tmut           ##........   82%         5    ######.
c - Sticks to Snakes      Tmut           ##......     8%          2    ###....


Dungeon Overview and Level Annotations

Branches:
Dungeon (5/15)
 Temple: D:4-7

Altars:
Ashenzari
Dithmenos


Message History

The spell is very dangerous to cast!
Continue anyway? [Y]es or [N]o only, please.
The spell is very dangerous to cast!
Continue anyway?
Okay, then.
Unknown command.
Casting: Blade Hands
Confirm with . or Enter, or press ? or * to list all spells.
You create a snake!
You now have 28 arrows.
You now have 7/9 mp.
Unknown command.
You swap places.
The ogre completely misses you.
You hit the ogre but do no damage. Your punch misses the ogre.
You barely miss the ogre. The ogre barely misses you.
You hit the ogre.
The ogre is moderately wounded.
The ogre closely misses you.
You hit the ogre.
The ogre is moderately wounded.
You closely miss the ogre.
The ogre is moderately wounded.
The ogre completely misses you.
You hit the ogre.
The ogre is moderately wounded.
The ogre closely misses you.
You hit the ogre.
The ogre is heavily wounded.
You punch the ogre!
The ogre is almost dead.
You block the ogre's attack.
You hit the ogre.
You kill the ogre!
Your Fighting skill increases to level 2!
Unknown command.
Unknown command.
Your ball python withers and dies!
You see here a giant club.
L - 2 scrolls labeled VEUJUTTAPEC (gained 1) MP restored: 9 You see here a robe.
You now have 224 gold pieces (gained 11).
A frilled lizard and an ice beast come into view.
The frilled lizard hisses angrily.
The frilled lizard barely misses you.
You punch the frilled lizard!
You kill the frilled lizard!
The ice beast misses you.
You see here a frilled lizard corpse.
You closely miss the ice beast. The ice beast closely misses you.
You hit the ice beast.
The ice beast is lightly wounded.
The ice beast barely misses you.
You hit the ice beast but do no damage.
The ice beast is lightly wounded.
The ice beast closely misses you.
You completely miss the ice beast.
The ice beast is lightly wounded.
The ice beast hits you. The ice beast freezes you!
You take 13 damage, and have 31/44 hp.
MASSIVE DAMAGE!!
You now have 7/9 mp.
You punch the ice beast!
The ice beast is moderately wounded.
The ice beast hits you. The ice beast freezes you!
You take 9 damage, and have 22/44 hp.
MASSIVE DAMAGE!!
You now have 4/9 mp.
You are too injured to fight recklessly!
You are too injured to fight recklessly!
You are too injured to fight recklessly!
You are too injured to fight recklessly!
You are too injured to fight recklessly!
You are too injured to fight recklessly!
You are too injured to fight recklessly!
You are too injured to fight recklessly!
You are too injured to fight recklessly!
You are too injured to fight recklessly!
You are too injured to fight recklessly!
You are too injured to fight recklessly!
You are too injured to fight recklessly!
You are too injured to fight recklessly!
You are too injured to fight recklessly!
You are too injured to fight recklessly!
You are too injured to fight recklessly!
You are too injured to fight recklessly!
You are too injured to fight recklessly!
You are too injured to fight recklessly!
You are too injured to fight recklessly!
You are too injured to fight recklessly!
You are too injured to fight recklessly!
You are too injured to fight recklessly!
You are too injured to fight recklessly!
You completely miss the ice beast.
The ice beast is moderately wounded.
You hit the ice beast but do no damage.
The ice beast is moderately wounded.
The ice beast hits you. The ice beast freezes you!
* * * LOW HITPOINT WARNING * * *
You take 10 damage, and have 12/44 hp.
MASSIVE DAMAGE!!
You now have 1/9 mp.
You punch the ice beast!
The ice beast is severely wounded.
The ice beast hits you.
* * * LOW HITPOINT WARNING * * *
The ice beast freezes you!
You die...

███ ... . ██.... ......
██ ██.███ .. ██. █.██
... █...██████ ███
█Y@....█ █....███.█
█..... █.█ ....██.███[█
███
..█████.███.████████████
█.< .
.................... █.█
███..))........█████ █.█
█████..████..█ █ █.███
........█ █..█ █


You could see an ice beast.

Vanquished Creatures
  An ogre (D:5)
  5 worker ants (D:4)
  An iguana (D:5)
  5 adders
  3 gnolls (D:4)
  2 worms (D:3)
  2 dart slugs
  3 orcs
  7 giant cockroaches
  5 goblins
  2 hobgoblins (D:3)
  4 jackals (D:3)
  3 kobolds
  3 quokkas
  A ball python (D:4)
  A ball python skeleton (D:4)
  7 bats
  4 frilled lizards
  A jackal skeleton (D:5)
  A leopard gecko skeleton (D:4)
  8 rats
69 creatures vanquished.

Vanquished Creatures (collateral kills)
  An ogre (D:5)
1 creature vanquished.

Grand Total: 70 creatures vanquished

Notes
Turn   | Place    | Note
-------+----------+-------------------------------------------
     0 | D:1      | Goblin1989 the Merfolk Transmuter began the quest for the Orb.
     0 | D:1      | Reached XP level 1. HP: 15/15 MP: 3/3
   282 | D:1      | Reached XP level 2. HP: 9/21 MP: 5/5
   671 | D:1      | Reached skill level 4 in Unarmed Combat
   998 | D:2      | Found a faded altar of an unknown god.
  1548 | D:3      | Reached XP level 3. HP: 26/26 MP: 6/6
  2168 | D:3      | Reached skill level 5 in Unarmed Combat
  2458 | D:3      | HP: 1/26 [hobgoblin/spear (5)]
  2852 | D:3      | Reached XP level 4. HP: 26/32 MP: 5/7
  3142 | D:3      | HP: 1/32 [orc (5)]
  3630 | D:4      | Reached skill level 6 in Unarmed Combat
  3695 | D:4      | Reached XP level 5. HP: 14/37 MP: 3/8
  3959 | D:4      | Found a shattered altar of Ashenzari.
  3959 | D:4      | Found a shadowy altar of Dithmenos.
  4050 | D:4      | HP: 1/37 [poisoned by a worker ant]
  4560 | D:4      | Learned a level 5 spell: Blade Hands
  4731 | D:4      | Noticed an ogre
  4978 | D:4      | Learned a level 2 spell: Sticks to Snakes
  5029 | D:4      | Reached XP level 6. HP: 41/43 MP: 7/9
  5195 | D:5      | Entered Level 5 of the Dungeon
  5383 | D:5      | Reached skill level 7 in Unarmed Combat
  5765 | D:5      | Noticed an ice beast
  5777 | D:5      | Slain by an ice beast

Vault maps used:
D:1:      nzn_arrival_depleted_hourglass
D:2:      chequers_ecumenical_altar_simple_redux
D:3:      kennysheep_small_spiral
D:4:      gammafunk_temple_overflow_statue
D:5:      minmay_temple_entry_overgrown, first_bread

Skill      XL: |  1  2  3  4  5  6 |
---------------+-------------------+-----
Unarmed Combat | 4 5 6 7 |  7.3
Dodging        | 3 |  3.9
Transmutations | 3 |  3.6
Fighting       | 2 |  2.1
Spellcasting   | |  2.0

Action                   |  1- 3 |  4- 6 || total
-------------------------+-------+-------++-------
Melee: Unarmed           |   148 |   195 ||   343
       Headbutt          |     2 |     1 ||     3
       Punch             |       |     3 ||     3
 Cast: Beastly Appendage |     1 |     1 ||     2
       Sticks to Snakes  |       |     6 ||     6
  Use: Potion            |       |     2 ||     2
 Stab: Sleeping          |     2 |     1 ||     3
  Eat: Chunk             |     5 |     8 ||    13
       Royal jelly       |       |     1 ||     1
Armor: Robe              |    24 |    25 ||    49
Dodge: Dodged            |    84 |   126 ||   210
Block: Other             |       |    13 ||    13

Table legend:
 A = Spawn XP
 B = Non-spawn XP
 C = Spawn XP percentage of total XP
 D = Spawn monster count
 E = Non-spawn monster count
 F = Spawn count percentage of total count
 G = Total turns spent on level
                    A         B        C        D         E        F      G
               +---------+---------+-------+---------+---------+-------+---------
         Total |      95 |     505 |  15.8 |      10 |      60 |  14.3 |  5777
               +---------+---------+-------+---------+---------+-------+---------
           D:1 |       0 |      18 |   0.0 |       0 |      11 |   0.0 |   903
           D:2 |       1 |      11 |   8.3 |       1 |       6 |  14.3 |  1221
           D:3 |      22 |      59 |  27.2 |       4 |      24 |  14.3 |  1488
           D:4 |      72 |     178 |  28.8 |       5 |      12 |  29.4 |  1583
           D:5 |       0 |     239 |   0.0 |       0 |       7 |   0.0 |   582
               +---------+---------+-------+---------+---------+-------+---------

Vault maps used:
D:1:      nzn_arrival_depleted_hourglass
D:2:      chequers_ecumenical_altar_simple_redux
D:3:      kennysheep_small_spiral
D:4:      gammafunk_temple_overflow_statue
D:5:      minmay_temple_entry_overgrown, first_bread
